 Dungeon Crawl Stone Soup version 0.26.0-20-g3ca415f5b8 (webtiles) character file.

Game seed: 13913594144410870210

7 kaeus the Firebug (level 2, 0/15 HPs)
             Began as a Gargoyle Fire Elementalist on Jan 24, 2021.
             Slain by a leopard gecko (2 damage)
             ... on level 1 of the Dungeon.
             The game lasted 00:00:54 (360 turns).

kaeus the Firebug (Gargoyle Fire Elementalist)       Turns: 360, Time: 00:00:55

Health: 0/15       AC:  4    Str: 11    XL:     2   Next: 4%
Magic:  1/5        EV: 12    Int: 15    God:
Gold:   44         SH:  0    Dex: 10    Spells: 4/5 levels left

rFire    . . .     SeeInvis .   d - +0 club
rCold    . . .     Faith    .   (no shield)
rNeg     + . .     Spirit   .   a - +0 robe
rPois    ∞         Reflect  .   (no helmet)
rElec    +         Harm     .   (no cloak)
rCorr    .         Rampage  .   (no gloves)
Will     .....                  (no boots)
Stlth    ++........             (no amulet)
HPRegen  0.05/turn              (no ring)
MPRegen  0.09/turn              (no ring)

@: very slightly contaminated
A: negative energy resistance 1, electricity resistance, unbreathing,
petrification resistance, miasma immunity, AC +2
a: no special abilities


You were on level 1 of the Dungeon.
You visited 1 branch of the dungeon, and saw 1 of its levels.

You collected 44 gold pieces.

Inventory:

Hand Weapons
 d - a +0 club (weapon)
Armour
 a - a +0 robe (worn)
Scrolls
 b - a scroll of fog {unknown}
 c - a scroll of remove curse {unknown}
Potions
 e - a potion of curing {unknown}


   Skills:
 - Level 1.5 Dodging
 - Level 2.1 Stealth
 + Level 2.1 Spellcasting
 * Level 1.6 Conjurations
 * Level 3.2 Fire Magic


You had 4 spell levels left.
You knew the following spells:

 Your Spells              Type           Power        Failure   Level
a - Foxfire               Conj/Fire      32%          9%          1

Your spell library contained the following spells:

 Spells                   Type           Power        Failure   Level
 Conjure Flame            Conj/Fire      8%           24%         3
 Inner Flame              Hex/Fire       6%           34%         3
 Sticky Flame             Conj/Fire      8%           63%         4
 Fireball                 Conj/Fire      4%           92%         5


Dungeon Overview and Level Annotations

Branches:
Dungeon (1/15)

Altars:


Innate Abilities, Weirdness & Mutations

You are resistant to torment.
Your stone body is resilient. (AC +2)
You are immune to poison.
You resist negative energy. (rN+)
You are resistant to electric shocks. (rElec)
You can survive without breathing.
You are immune to petrification.
You are immune to miasma.


Message History

The leopard gecko is almost dead.
The leopard gecko closely misses you. x2
The dart slug bites you but does no damage.
You closely miss the leopard gecko.
The leopard gecko is severely wounded.
The leopard gecko bites you.
* * * LOW HITPOINT WARNING * * *
The dart slug bites you but does no damage.
You take 3 damage, and have 2/15 hp.
Casting: Foxfire (safe; 9% risk of failure)
Confirm with . or Enter, or press ? or * to list all spells.
You miscast Foxfire.
Nothing appears to happen.
The leopard gecko barely misses you.
The leopard gecko bites you but does no damage.
You now have 0/5 mp.
You hit the leopard gecko but do no damage.
The leopard gecko is severely wounded.
The dart slug launches a dart at you. The slug dart misses you.
The leopard gecko bites you.
You die...

## ##### .# ....## .#
#..####.# # #....lw.#.#
...####.##@##..#
.........##..#.....
.#.#####.#.###.##.#####
. #...#...#.....#...#
#.....###.#(.....#.#.#
......#.)##......#.#.#
..........##.....#.#.#
#######.#........#.#.#
...#.....>..#.#.#####


You could see a dart slug and a leopard gecko.

Vanquished Creatures
  3 goblins (D:1)
  2 hobgoblins (D:1)
  A bat (D:1)
  A rat (D:1)
7 creatures vanquished.

Vanquished Creatures (others)
  16 foxfires (D:1)
16 creatures vanquished.

Grand Total: 23 creatures vanquished

Notes
Turn   | Place    | Note
-------+----------+-------------------------------------------
     0 | D:1      | kaeus the Gargoyle Fire Elementalist began the quest for
                  | the Orb.
     0 | D:1      | Reached XP level 1. HP: 10/10 MP: 3/3
   333 | D:1      | Reached XP level 2. HP: 15/15 MP: 1/5
   360 | D:1      | Slain by a leopard gecko

Illustrated notes

Levels and vault maps discovered:
D:1:      dpeg_arrival_round_c, layout_basic, minmay_hedge_maze,
          palyth_stone_intersect, minmay_pentomino_r4

Action                   || total
-------------------------++-------
Melee: Unarmed           ||     5
       Club              ||     9
 Cast: Foxfire           ||    10
Armor: Robe              ||     7
Dodge: Dodged            ||    11
